 Dungeon Crawl Stone Soup version 0.28.0-43-g3370ac3207 (webtiles) character file.

Game seed: 11224642747491915150

112 mortz the Conjurer (level 4, -7/33 HPs)
             Began as a Draconian Conjurer on Mar 29, 2022.
             Mangled by Ijyb
             ... wielding a +2 dagger of protection
              (10 damage)
             ... on level 3 of the Dungeon.
             The game lasted 00:15:15 (3664 turns).

mortz the Conjurer (Draconian Conjurer)             Turns: 3664, Time: 00:15:16

Health: -7/33      AC:  5    Str:  9    XL:     4   Next: 63%
Magic:  0/7        EV: 12    Int: 20    God:
Gold:   159        SH:  0    Dex: 10    Spells: 5/8 levels left

rFire   . . .      SeeInvis .   n - +0 falchion {long}
rCold   . . .      Faith    .   (no shield)
rNeg    . . .      Spirit   .   (armour unavailable)
rPois   .          Reflect  .   (helmet restricted)
rElec   .          Harm     .   (no cloak)
rCorr   .          Rampage  .   (no gloves)
Will    .....                   (no boots)
Stlth   ++........              (no amulet)
HPRegen 0.11/turn               (no ring)
MPRegen 0.10/turn               (no ring)

@: no status effects
A: AC +5, unfitting armour, cold-blooded
a: no special abilities


You were on level 3 of the Dungeon.
You visited 1 branch of the dungeon, and saw 3 of its levels.

You collected 159 gold pieces.


Innate Abilities, Weirdness & Mutations

Your plain brown scales are hard. (AC +5)
You cannot fit into any form of body armour.
You are cold-blooded and may be slowed by cold attacks.


   Skills:
 + Level 2.0 Dodging
 + Level 2.0 Stealth
 + Level 2.6 Spellcasting
 + Level 5.5 Conjurations


You had 5 spell levels left.
You knew the following spells:

 Your Spells              Type           Power      Damage    Failure   Level
a - Magic Dart            Conj           100%       1d8       1%          1
b - Searing Ray           Conj           50%        2d6       2%          2

Your spell library contained the following spells:

 Spells                   Type           Power      Damage    Failure   Level
 Dazzling Flash           Conj/Hex       26%        N/A       14%         3
 Fulminant Prism          Conj/Hex       6%         3d7       43%         4
 Iskenderun's Mystic Bla  Conj/Tloc      13%        2d5       43%         4
 Agony                    Necr           2%         N/A       99%         5
 Silence                  Hex/Air        1%         N/A       99%         5

Inventory:

Hand Weapons
 a - a +0 mace {mace}
   (You found it on level 1 of the Dungeon)
 c - a +0 hunting sling {sling}
   (You found it on level 1 of the Dungeon)
 n - a +0 falchion (weapon) {long}
   (You found it on level 3 of the Dungeon)
Missiles
 e - 11 bolts
 j - 57 stones {throwing}
Wands
 o - a wand of iceblast (12)
   (You found it on level 3 of the Dungeon)
Scrolls
 b - 2 scrolls of identify {@r1}
 f - a scroll of blinking {unknown}
 g - 3 scrolls of enchant weapon
 h - a scroll of silence {unknown}
 l - a scroll of fear {unknown}
Potions
 d - a potion of berserk rage {!q}
 i - a potion of mutation {unknown}
 k - a potion of curing {@q1}
 m - a potion of ambrosia {unknown}
 p - a potion of degeneration {unknown}
 q - a potion of heal wounds {unknown}

Dungeon Overview and Level Annotations

Branches:
Dungeon (3/15)

Altars:
Okawaru

Annotations:
D:3 Ijyb, Robin

#.#
##.##
#.# #..#
#.###.##
#.##..#
#.##.##
#.##.#
#.##.#
#g##.#
#@#..#
#.#.##
#.#.#
#.#.#
#...#
#####


You could see Ijyb (berserk).


Message History

The magic dart hits Ijyb but does no damage.
Ijyb shouts!
Ijyb zaps a wand.
You turn into a tree.
Your roots penetrate the ground. 😎 HP[+16] MP[-1]
You now have 49 max hp (+16).
Your hp is fully restored (49).
You lost 1 mp, and now have 6/7 mp.
Aiming: Magic Dart (safe; 1% risk of failure)
Press: ? - help, Q - select action, (/) - cycle Shift-Dir - straight line, f/p - Ijyb
Aim: Ijyb, wielding a +2 dagger of protection, wearing a +0 chain mail and carrying a wand of polymorph (6) (100% to hit)
The magic dart hits Ijyb but does no damage. 😎 MP[-1]
You lost 1 mp, and now have 5/7 mp.
Aiming: Magic Dart (safe; 1% risk of failure)
Press: ? - help, Q - select action, (/) - cycle Shift-Dir - straight line, f/p - Ijyb
Aim: Ijyb, wielding a +2 dagger of protection, wearing a +0 chain mail and carrying a wand of polymorph (6) (100% to hit)
The magic dart hits Ijyb but does no damage. 😎 MP[-1]
You lost 1 mp, and now have 4/7 mp.
Aiming: Magic Dart (safe; 1% risk of failure)
Press: ? - help, Q - select action, (/) - cycle Shift-Dir - straight line, f/p - Ijyb
Aim: Ijyb, wielding a +2 dagger of protection, wearing a +0 chain mail and carrying a wand of polymorph (6) (100% to hit)
The magic dart hits Ijyb.
Ijyb screams, "Me very upset!" 😎 MP[-1]
You lost 1 mp, and now have 3/7 mp.
Casting: Magic Dart (safe; 1% risk of failure)
Confirm with . or Enter, or press ? or * to list all spells.
Aiming: Searing Ray (safe; 2% risk of failure)
Press: ? - help, Shift-Dir - straight line, f/p - Ijyb
Aim: Ijyb, wielding a +2 dagger of protection, wearing a +0 chain mail and carrying a wand of polymorph (6) (lightly wounded, 79% to hit)
The searing ray hits Ijyb. (Press . to maintain the ray.) 😎 MP[-2]
You lost 2 mp, and now have 1/7 mp.
The searing ray hits Ijyb but does no damage. 😎 MP[-1]
You lost 1 mp, and now have 0/7 mp.
Without enough magic to sustain it, your searing ray dissipates.
You closely miss Ijyb.
Your transformation is almost over.
Ijyb hits you but does no damage.
You hit Ijyb but do no damage. Ijyb hits you but does no damage.
Ijyb barely misses you. 😎 MP[+1]
You barely miss Ijyb.
Ijyb drinks a potion.
Ijyb goes berserk!
You hit Ijyb.
Ijyb hits you with a +2 dagger of protection.
Ijyb hits you with a +2 dagger of protection! 😕 HP[-9]
You take 9 damage, and now have 40/49 hp.
Aiming: Magic Dart (safe; 1% risk of failure)
Press: ? - help, Q - select action, (/) - cycle Shift-Dir - straight line, f/p - Ijyb
Aim: Ijyb, wielding a +2 dagger of protection, wearing a +0 chain mail and carrying a wand of polymorph (6) (moderately wounded, berserk, 100% to hit)
The magic dart hits Ijyb but does no damage.
Ijyb hits you but does no damage. 😕 HP[+1] MP[-1]
You lost 1 mp, and now have 0/7 mp.
Ijyb hits you but does no damage. x2
Ijyb hits you with a +2 dagger of protection! 😮 HP[-7]
You take 7 damage, and now have 34/49 hp.
You feel less wooden. Ijyb barely misses you. Ijyb misses you. 😮 HP[-11]
You now have 33 max hp (-16).
Ijyb barely misses you.
Ijyb rages.
Ijyb barely misses you. 😮 MP[+1] Ijyb hits you with a +2 dagger of protection!
* * * LOW HITPOINT WARNING * * *
😨 HP[-9]
You take 9 damage, and now have 14/33 hp.
MASSIVE DAMAGE!! (PAUSE) 😨 HP[+1] Ijyb hits you with a +2 dagger of protection!
* * * LOW HITPOINT WARNING * * *
😱 HP[-8]
You take 8 damage, and now have 7/33 hp.
MASSIVE DAMAGE!! (PAUSE)
As you read the scroll labelled USMIOZ UQADETUAN, it crumbles to dust.
It is a scroll of identify.
g - 3 scrolls of enchant weapon Ijyb hits you with a +2 dagger of protection.
* * * LOW HITPOINT WARNING * * *
😱 HP[-5]
You take 5 damage, and now have 2/33 hp.
It was a potion of curing.
You feel better. Ijyb barely misses you.
Ijyb hits you with a +2 dagger of protection.
* * * LOW HITPOINT WARNING * * *
😱 HP[+1]
Aiming: Magic Dart (safe; 1% risk of failure)
Press: ? - help, Q - select action, (/) - cycle Shift-Dir - straight line, f/p - Ijyb
Aim: Ijyb, wielding a +2 dagger of protection, wearing a +0 chain mail and carrying a wand of polymorph (6) (moderately wounded, berserk, 100% to hit)
The magic dart hits Ijyb.
Ijyb hits you with a +2 dagger of protection!
You die...

Skill      XL: |  1  2  3  4 |
---------------+-------------+-----
Conjurations   | 5 |  5.5
Dodging        | 2 |  2.0
Stealth        | 2 |  2.0
Spellcasting   | |  2.6

Action                   |  1- 3 |  4- 6 || total
-------------------------+-------+-------++-------
Melee: Mace              |     3 |       ||     3
       Tailslap          |     1 |       ||     1
       Falchion          |       |     4 ||     4
 Cast: Magic Dart        |    30 |    26 ||    56
       Searing Ray       |    23 |     6 ||    29
  Use: Scroll            |       |     1 ||     1
       Potion            |       |     1 ||     1
Armor: Skin              |     3 |     6 ||     9
Dodge: Dodged            |     5 |     6 ||    11

Levels and vault maps discovered:
D:1:      roderic_crossed_star, layout_loops_ring,
          ebering_ecumenical_altar_hall, serial_glass, glass_columns_a,
          glass_columns_a
D:2:      layout_basic, uniq_terence
D:3:      layout_basic, okawaru_ov_weapons_minmay, guppyfry_early_orc_mine,
          uniq_ijyb, uniq_natasha, uniq_robin

Notes
Turn   | Place    | Note
-------+----------+-------------------------------------------
     0 | D:1      | mortz the Draconian Conjurer began the quest for the Orb.
     0 | D:1      | Reached XP level 1. HP: 14/14 MP: 3/3
     0 | D:1      | magus.rc [v1.9.6]
    25 | D:1      | magus.rc [v1.9.6]
   353 | D:1      | Reached XP level 2. HP: 20/20 MP: 1/5
   399 | D:1      | Learned a level 2 spell: Searing Ray
   532 | D:1      | Found a faded altar of an unknown god.
   838 | D:1      | You pick up a book of the Senses and begin reading...
   838 | D:1      | You add the spells Agony and Silence to your library.
  1759 | D:2      | Reached XP level 3. HP: 26/26 MP: 1/6
  1819 | D:2      | Noticed Terence
  1871 | D:2      | Killed Terence
  1872 | D:2      | Reached skill level 5 in Conjurations
  2753 | D:3      | Reached XP level 4. HP: 33/33 MP: 1/7
  2944 | D:3      | Found an iron altar of Okawaru.
  3101 | D:3      | Noticed Robin
  3362 | D:3      | Noticed Natasha
  3366 | D:3      | Killed Natasha
  3367 | D:3      | Reached skill level 2 in Dodging
  3367 | D:3      | Reached skill level 2 in Stealth
  3638 | D:3      | Noticed Ijyb
  3661 | D:3      | HP: 7/33 [Ijyb/+2 dagger of protection (8)]
  3662 | D:3      | HP: 2/33 [Ijyb/+2 dagger of protection (5)]
  3664 | D:3      | Mangled by Ijyb

Vanquished Creatures
  Terence (D:2)
  Natasha (D:3)
  A worm (D:2)
  2 dart slugs
  An orc (D:3)
  4 bats
  4 endoplasms
  3 giant cockroaches
  6 goblins
  4 hobgoblins
  5 jackals (D:3)
  3 kobolds
  3 quokkas
  4 ball pythons (D:1)
  2 frilled lizards (D:1)
  8 rats
52 creatures vanquished.

Table legend:
 A = Non-vault XP
 B = Vault XP
 C = Vault XP percentage of total XP
 D = Non-vault monster count
 E = Vault monster count
 F = Vault count percentage of total count
                 A         B        C        D         E       F
            +---------+---------+-------+---------+---------+-------
      Total |      86 |      74 |  46.2 |      48 |       4 |   7.7
            +---------+---------+-------+---------+---------+-------
        D:1 |      36 |       0 |   0.0 |      22 |       0 |   0.0
        D:2 |      18 |      36 |  66.7 |      10 |       1 |   9.1
        D:3 |      32 |      38 |  54.3 |      16 |       3 |  15.8
            +---------+---------+-------+---------+---------+-------

Illustrated notes

Table legend:
 A = Kills in this place as a percentage of kills in entire the game.
 B = Kills by you in this place as a percentage of kills by you in the entire game.
 C = Kills by friends in this place as a percentage of kills by friends in the entire game.
 D = Other kills in this place as a percentage of other kills in the entire game.
 E = Experience gained in this place as a percentage of experience gained in the entire game.
 F = Experience gained in this place divided by the number of levels of this place that you have seen.
                   A       B       C       D       E      F
               +-------+-------+-------+-------+-------+----------------------
         Total | 100.0 | 100.0 |   N/A |   N/A | 100.0 |  53.3
       Dungeon | 100.0 | 100.0 |   N/A |   N/A | 100.0 |  53.3
               +-------+-------+-------+-------+-------+----------------------

Table legend: (Time is in decaauts)
 A = Elapsed time spent in this place.
 B = Non-inter-level travel time spent in this place.
 C = Inter-level travel time spent in this place.
 D = Time resting spent in this place.
 E = Time spent auto-exploring this place.
 F = Levels seen in this place.
 G = Mean time per level.
                   A        B        C        D        E       F      G
               +--------+--------+--------+--------+--------+-----+--------+
         Total |   3664 |   3459 |    205 |    328 |   2461 |   3 | 1221.3 |
       Dungeon |   3664 |   3459 |    205 |    328 |   2461 |   3 | 1221.3 |
               +--------+--------+--------+--------+--------+-----+--------+

Top non-repeatable levels by time:
     D:2: 1380 daAuts
     D:1: 1366 daAuts
     D:3: 917 daAuts
